 Dungeon Crawl Stone Soup version 0.27.1-3-gb3d3a73c9e (webtiles) character file.

Game seed: 8759701303363911960

362 H0rd4k the Charlatan (level 6, -2/47 HPs)
             Began as a Human Artificer on Oct 12, 2021.
             Was an Initiate of Gozag.
             Slain by Pikel (6 damage)
             ... on level 4 of the Dungeon.
             The game lasted 00:07:31 (6373 turns).

H0rd4k the Charlatan (Human Artificer)              Turns: 6373, Time: 00:07:32

Health: -2/47      AC:  4    Str: 13    XL:     6   Next: 99%
Magic:  6/6        EV: 13    Int: 13    God:    Gozag
Gold:   175        SH:  0    Dex: 13    Spells: 5/5 levels left

rFire    + . .     SeeInvis +   r - +1 dagger (drain)
rCold    . . .     Faith    .   (no shield)
rNeg     . . .     Spirit   .   q - +2 robe {rF+}
rPois    .         Reflect  .   (no helmet)
rElec    .         Harm     .   (no cloak)
rCorr    .         Rampage  .   (no gloves)
Will     .....                  (no boots)
Stlth    ++........             (no amulet)
HPRegen  0.15/turn              k - ring of see invisible
MPRegen  0.10/turn              (no ring)

@: no status effects
A: no striking features
a: Renounce Religion, Potion Petition, Call Merchant, Bribe Branch


You were on level 4 of the Dungeon.
You worshipped Gozag.
Gozag was aware of your devotion.
You visited 1 branch of the dungeon, and saw 4 of its levels.

You collected 228 gold pieces.
You paid 53 gold pieces to Gozag.

Inventory:

Hand Weapons
 g - a +0 dagger
 r - a +1 dagger of draining (weapon)
Armour
 b - a +0 leather armour
 q - a +2 robe of fire resistance (worn)
Magical Staves
 o - a staff of earth
Jewellery
 k - a ring of see invisible (left hand)
Wands
 d - a wand of charming (6)
 u - a wand of polymorph (2)
 w - a wand of flame (6)
Scrolls
 h - a scroll of teleportation {unknown}
 i - 2 scrolls of immolation {unknown}
 j - a scroll of amnesia {unknown}
 m - a scroll of enchant armour {unknown}
 n - 3 scrolls of identify {unknown}
 v - a scroll of fear {unknown}
Potions
 a - a potion of curing {unknown}
 c - a potion of cancellation {unknown}
 f - a potion of resistance {unknown}
 l - 2 potions of berserk rage {unknown}
 p - a potion of lignification
 s - a potion of haste {unknown}
 t - 2 potions of attraction {unknown}
Miscellaneous
 e - a piece from Xom's chessboard (15/15)


   Skills:
 + Level 3.0 Fighting
 + Level 3.2 Short Blades
 - Level 2.0 Armour
 + Level 3.2 Dodging
 - Level 1.0 Stealth
 + Level 0.1 Unarmed Combat
 + Level 4.4 Evocations


You had 5 spell levels left.
You didn't know any spells.
Your spell library contained the following spells:

 Spells                   Type           Power      Damage    Failure   Level
 Magic Dart               Conj           0%         1d3       30%         1
 Call Imp                 Summ           0%         N/A       43%         2
 Sublimation of Blood     Necr           0%         N/A       43%         2
 Wereblood                Tmut           0%         N/A       43%         2
 Mephitic Cloud           Conj/Pois/Air  0%         N/A       67%         3
 Summon Hydra             Summ           0%         N/A       100%        7


Dungeon Overview and Level Annotations

Branches:
Dungeon (4/15)
 Temple: D:4-7

Altars:
Cheibriados
Gozag
Kikubaaqudgha
Qazlal
Trog
Wu Jian

Shops:
D:3 [

Annotations:
D:4 Pikel


Message History

Something closely misses your lemure.
You closely miss Pikel.
Pikel is heavily wounded.
Your lemure barely misses something.
Pikel hits you with a +0 whip of freezing.
Pikel freezes you.
You closely miss Pikel.
Pikel is heavily wounded.
Something hits your lemure!
Unknown command.
You miss Pikel.
Pikel is heavily wounded.
Pikel hits you with a +0 whip of freezing!
Pikel freezes you.
Your lemure hits something! Something misses your lemure.
You hit Pikel but do no damage.
Pikel is heavily wounded.
The lemure is no longer charmed.
Pikel hits you with a +0 whip of freezing!
Pikel freezes you.
* * * LOW HITPOINT WARNING * * *
Aiming: Charm
Press: ? - help, Shift-Dir - straight line, f/p - Pikel
Aim: Pikel, wielding a +0 whip of freezing and wearing a +0 robe (heavily wounded, lightly drained, chance to affect: 62%) Pikel resists with significant effort.
Pikel hits you with a +0 whip of freezing.
* * * LOW HITPOINT WARNING * * *
Pikel freezes you.
* * * LOW HITPOINT WARNING * * *
Aiming: Charm
Press: ? - help, Shift-Dir - straight line, f/p - Pikel
Aim: Pikel, wielding a +0 whip of freezing and wearing a +0 robe (heavily wounded, lightly drained, chance to affect: 62%) Pikel resists with significant effort.
Pikel hits you with a +0 whip of freezing.
* * * LOW HITPOINT WARNING * * *
Pikel freezes you.
* * * LOW HITPOINT WARNING * * *
There is a stone staircase leading up here.
Pikel hits you with a +0 whip of freezing.
You die...
Your body crumbles into a pile of gold.

#......## #.._..###.... #
#.#.....#######.#.#...... #. #
#.........#.....#......
#..#.#.#...###.###(###.##.##
#...#.###...##......#.##...
#...#####....####...(..##
#.#..5#####..####...##...
#.#.#.5K.#........####..#
#...####@..#####....#...)
###..##....####..##...##.
##........#....#.# #......
########........#...#... ##.###..
.....##.....#.......#..###..# #..
.....##......<.........##..## #..
..............#...........### #..
......#.....##..#...........###..
............###....(...###...##..


You could see Pikel (drained) and 2 lemures.

Vanquished Creatures
  Jessica (D:3)
  Ijyb (D:4)
  Natasha (thrice) (D:3)
  3 adders
  2 worms (D:2)
  A dart slug (D:1)
  An orc (D:4)
  8 ball pythons
  4 endoplasms
  A giant cockroach (D:1)
  7 goblins
  4 hobgoblins
  7 jackals
  10 kobolds
  3 quokkas
  4 bats
  3 frilled lizards (D:2)
  6 rats
69 creatures vanquished.

Vanquished Creatures (collateral kills)
  Eustachio (D:3)
  An endoplasm (D:2)
2 creatures vanquished.

Vanquished Creatures (others)
  A lemure (D:4)
  An adder (D:2)
  A jackal (D:2)
3 creatures vanquished.

Grand Total: 74 creatures vanquished

Notes
Turn   | Place    | Note
-------+----------+-------------------------------------------
     0 | D:1      | H0rd4k the Human Artificer began the quest for the Orb.
     0 | D:1      | Reached XP level 1. HP: 15/15 MP: 1/1
   363 | D:1      | Reached XP level 2. HP: 21/21 MP: 2/2
  1081 | D:1      | Found a faded altar of an unknown god.
  1286 | D:1      | Reached XP level 3. HP: 19/26 MP: 3/3
  2119 | D:1      | Reached skill level 4 in Evocations
  2206 | D:2      | Found a bloodstained altar of Trog.
  2238 | D:2      | Reached XP level 4. HP: 14/32 MP: 4/4
  2500 | D:2      | HP: 1/32 [jackal (3)]
  2855 | D:2      | Reached skill level 1 in Short Blades
  3716 | D:3      | Found Amimex's Antique Armour Shop.
  3755 | D:3      | Noticed Jessica
  4422 | D:3      | Killed Jessica
  4423 | D:3      | Reached XP level 5. HP: 18/38 MP: 5/5
  4698 | D:3      | Noticed Natasha
  4704 | D:3      | Found a stormy altar of Qazlal.
  4707 | D:3      | Found an ornate altar of the Wu Jian Council.
  4958 | D:3      | Killed Natasha
  5006 | D:3      | Noticed Natasha
  5061 | D:3      | Found a snail-covered altar of Cheibriados.
  5079 | D:3      | Killed Natasha
  5121 | D:3      | Noticed Natasha
  5139 | D:3      | Killed Natasha
  5236 | D:3      | Found an ancient bone altar of Kikubaaqudgha.
  5601 | D:4      | Reached XP level 6. HP: 38/45 MP: 6/6
  5656 | D:4      | Found an opulent altar of Gozag.
  5662 | D:4      | Became a worshipper of Gozag Ym Sagoz the Greedy
  5705 | D:4      | Noticed Eustachio
  5777 | D:3      | Killed Eustachio
  6073 | D:4      | Noticed Ijyb
  6093 | D:4      | Killed Ijyb
  6342 | D:4      | Noticed Pikel
  6373 | D:4      | Slain by Pikel

Illustrated notes

Levels and vault maps discovered:
D:1:      scummos_arrival_gate, layout_basic, hellmonk_ecumenical_altar_run_dry,
          chequers_serial_rivers_micro_d
D:2:      layout_basic, basic_altar, minmay_tetromino_o2
D:3:      layout_basic, grunt_temple_overflow_cloverleaf, serial_shops, shop,
          uniq_natasha, uniq_jessica
D:4:      layout_rooms, nicolae_gozag_cash_rules_everything_around_me,
          led_xom_imps, due_unseen_surprise, uniq_eustachio, uniq_pikel,
          uniq_ijyb

Skill      XL: |  1  2  3  4  5  6 |
---------------+-------------------+-----
Evocations     | 4 |  4.4
Short Blades   | 1 2 3 |  3.2
Dodging        | 2 3 |  3.2
Fighting       | 2 3 |  3.0
Armour         | |  2.0
Stealth        | |  1.0
Unarmed Combat | |  0.1

Action                   |  1- 3 |  4- 6 || total
-------------------------+-------+-------++-------
Melee: Club              |    48 |       ||    48
       Dagger            |   140 |   280 ||   420
       Unarmed           |       |     5 ||     5
Evoke: Wand              |     9 |    18 ||    27
       Piece from Xom's  |       |     5 ||     5
  Use: Potion            |       |     1 ||     1
 Stab: Sleeping          |     2 |       ||     2
       Paralysed         |       |     2 ||     2
Armor: Leather armour    |    69 |    34 ||   103
       Robe              |       |    34 ||    34
       Skin              |       |    34 ||    34
Dodge: Dodged            |   130 |   137 ||   267
